 Dungeon Crawl Stone Soup version 0.28-a0-834-g1a73be5ee4 (webtiles) character file.

Game seed: 4408176458783841257

143 funkygono the Shield-Bearer (level 5, 0/42 HPs)
             Began as a Formicid Fighter on Nov 11, 2021.
             Slain by a gnoll (3 damage)
             ... on level 3 of the Dungeon.
             The game lasted 00:05:17 (2295 turns).

funkygono the Shield-Bearer (Formicid Fighter)      Turns: 2295, Time: 00:05:18

Health: 0/42       AC:  9    Str: 21    XL:     5   Next: 50%
Magic:  0/5        EV:  7    Int:  8    God:
Gold:   140        SH:  4    Dex: 10    Spells: 4/4 levels left

rFire   . . .      SeeInvis +   a - +0 flail
rCold   . . .      Faith    .   c - +0 buckler
rNeg    . . .      Spirit   +   l - +0 chain mail
rPois   .          Reflect  .   (helmet unavailable)
rElec   .          Harm     .   (no cloak)
rCorr   .          Rampage  .   (no gloves)
Will    .....                   (no boots)
Stlth   ..........              i - amulet of guardian spirit
HPRegen 0.14/turn               (no ring)
MPRegen 0.09/turn               (no ring)

@: no status effects
A: permanent stasis, dig shafts and tunnels, antennae 3, four strong arms
a: Dig, Shaft Self


You were on level 3 of the Dungeon.
You visited 1 branch of the dungeon, and saw 3 of its levels.

You collected 140 gold pieces.

Inventory:

Hand Weapons
 a - a +0 flail (weapon)
Missiles
 e - 47 stones
 j - 8 sling bullets
 m - 3 javelins
 n - 2 atropa-tipped darts (quivered)
 u - 2 boomerangs
Armour
 b - a +0 scale mail
 c - a +0 buckler (worn)
 l - a +0 chain mail (worn)
Jewellery
 i - an amulet of guardian spirit (around neck)
 s - a ring of fire
Wands
 g - a wand of polymorph (10)
Scrolls
 o - a scroll of identify {unknown}
 p - a scroll of fear {unknown}
 q - a scroll of immolation {unknown}
 r - a scroll of enchant weapon {unknown}
 t - a scroll of blinking {unknown}
Potions
 d - a potion of might
 f - 2 potions of heal wounds {unknown}
 h - a potion of degeneration {unknown}
 k - a potion of magic {unknown}


   Skills:
 + Level 3.9 Fighting
 + Level 4.0 Maces & Flails
 + Level 4.1 Armour
 + Level 0.3 Dodging
 + Level 4.1 Shields


You had 4 spell levels left.
You didn't know any spells.
Your spell library was empty.

Dungeon Overview and Level Annotations

Branches:
Dungeon (3/15)

Altars:
Nemelex Xobeh


Innate Abilities, Weirdness & Mutations

You cannot be hasted, slowed, berserked, paralysed or teleported.
You can dig through walls and to a lower floor.
You have a pair of large antennae on your head. (SInv)
Your four strong arms can wield two-handed weapons with a shield.


Message History

The gnoll appears confused.
The gnoll hits the gnoll with a +0 spear.
Unknown command.
The gnoll seems less confused.
Throw: 4 darts (atropa)
Press: ? - help, Q - select action, (/) - cycle Shift-Dir - straight line, f/p - gnoll
Aim: a gnoll, wielding a +0 spear (blind, 58% to hit, chance to blind on hit: 100%)
You throw an atropa-tipped dart. The atropa-tipped dart hits the gnoll.
The gnoll appears confused.
The gnoll seems less confused.
You sock the gnoll!
The gnoll is severely wounded.
The gnoll hits you with a +0 spear. You block the gnoll's attack.
The gnoll hits you with a +0 spear.
You hit the gnoll.
You kill the gnoll!
The gnoll hits you from afar with a +0 spear.
You block the gnoll's attack. The gnoll completely misses you.
You see here a +0 spear.
Throw: 3 darts (atropa)
Press: ? - help, Q - select action, (/) - cycle Shift-Dir - straight line, f - gnoll
Aim: a gnoll, wielding a +0 spear (moderately wounded, 58% to hit, chance to blind on hit: 100%)
You throw an atropa-tipped dart.
The atropa-tipped dart barely misses the gnoll.
The atropa-tipped dart closely misses the gnoll.
The gnoll closely misses you.
The gnoll hits you from afar with a +0 spear.
You hit the gnoll.
The gnoll is heavily wounded.
The gnoll hits you with a +0 spear!
* * * LOW HITPOINT WARNING * * *
The gnoll hits you from afar with a +0 spear.
* * * LOW HITPOINT WARNING * * *
You sock the gnoll!
You kill the gnoll!
The gnoll hits you from afar with a +0 spear.
* * * LOW HITPOINT WARNING * * *
Your Maces & Flails skill increases to level 4!
The gnoll hits you with a +0 spear.
You die...

....<.g≈♣≈♣.≈≈≈≈#.....≈≈..#≈####
######...≈≈≈≈.≈≈......^...#≈#
#..≈≈♣.≈≈♣≈♣≈..........###
#.#≈{≈..≈≈..≈..........#
#.#♣.#≈.#≈≈............#
#.##.##.#.≈.#...#....###
#.............#.#....#
#####.#.#######...##.# #.(.#
#(g@).#)##.# ##..###.###.#)##.#
#.>......#.#.##.#
#####.##.#.#.<..# #..####...###
####≈≈≈≈≈≈# #####...##
#....#...# ##########


You could see a gnoll.

Vanquished Creatures
  Jessica (D:2)
  3 gnolls (D:3)
  An adder (D:3)
  A worm (D:2)
  3 dart slugs
  6 orcs (D:3)
  4 ball pythons
  9 bats
  5 endoplasms (D:1)
  2 giant cockroaches (D:3)
  4 hobgoblins
  2 quokkas (D:1)
  6 frilled lizards
  7 goblins
  2 kobolds
  9 rats
65 creatures vanquished.

Notes
Turn   | Place    | Note
-------+----------+-------------------------------------------
     0 | D:1      | funkygono the Formicid Fighter began the quest for the Orb.
     0 | D:1      | Reached XP level 1. HP: 18/18 MP: 1/1
   106 | D:1      | Reached XP level 2. HP: 20/24 MP: 2/2
   460 | D:1      | Reached XP level 3. HP: 26/29 MP: 3/3
   488 | D:1      | Found a faded altar of an unknown god.
  1123 | D:2      | Noticed Jessica
  1132 | D:2      | Killed Jessica
  1133 | D:2      | Reached XP level 4. HP: 30/37 MP: 2/4
  1834 | D:3      | Reached XP level 5. HP: 42/42 MP: 5/5
  1905 | D:3      | Found a sparkling altar of Nemelex Xobeh.
  2295 | D:3      | Slain by a gnoll

Illustrated notes

Levels and vault maps discovered:
D:1:      tarquinn_simple_flora_water_d, layout_basic,
          hellmonk_ecumenical_altar_lost_god
D:2:      layout_basic, uniq_jessica
D:3:      layout_basic, nemelex_diamond_rough_becter, serial_rivers,
          chequers_serial_rivers_marsh, chequers_serial_rivers_small_3,
          chequers_serial_rivers_small_b, chequers_serial_rivers_large_a,
          chequers_serial_rivers_micro_b

Skill      XL: |  1  2  3  4  5 |
---------------+----------------+-----
Shields        | 4 |  4.1
Maces & Flails | 3 4 |  4.0
Armour         | 4 |  4.1
Fighting       | |  3.9
Dodging        | |  0.3

Action                   |  1- 3 |  4- 6 || total
-------------------------+-------+-------++-------
Melee: Flail             |   105 |   101 ||   206
Throw: Dart              |       |     4 ||     4
 Abil: Dig               |       |     1 ||     1
  Use: Scroll            |     1 |     1 ||     2
Armor: Scale mail        |    77 |    22 ||    99
       Chain mail        |       |    33 ||    33
Dodge: Dodged            |    62 |    33 ||    95
Block: Buckler           |    23 |    20 ||    43

Table legend: (Time is in decaauts)
 A = Elapsed time spent in this place.
 B = Non-inter-level travel time spent in this place.
 C = Inter-level travel time spent in this place.
 D = Time resting spent in this place.
 E = Time spent auto-exploring this place.
 F = Levels seen in this place.
 G = Mean time per level.
                   A        B        C        D        E       F      G
               +--------+--------+--------+--------+--------+-----+--------+
         Total |   2358 |   2171 |    187 |      0 |   1467 |   3 |  786.0 |
       Dungeon |   2358 |   2171 |    187 |      0 |   1467 |   3 |  786.0 |
               +--------+--------+--------+--------+--------+-----+--------+

Top non-repeatable levels by time:
     D:1: 966 daAuts
     D:2: 741 daAuts
     D:3: 650 daAuts
